 Dungeon Sprint DCSS version 0.16-a0-3962-g290d66c (webtiles) character file.

56179 BluebellGnoll the Intangible (level 14, -2/133 (136) HPs)
             Began as a Spriggan Berserker on Feb 10, 2015.
             Was the Champion of Trog.
             Slain by Mennas
             ... wielding a +3 eudemon blade of holy wrath
              (10 damage)
             ... in the Dungeon (Sprint IX: "|||||||||||||||||||||||||||||").
             The game lasted 00:38:14 (3806 turns).

BluebellGnoll the Intangible (Spriggan Berserker)   Turns: 3806, Time: 00:38:14

HP:   -2/133 (136)  AC: 11    Str: 24    XL:     14   Next: 41%
MP:   37/37         EV: 35    Int: 12    God:    Trog [******]
Gold: 4             SH:  0    Dex: 15    Spells: 0 memorised, 13 levels left

rFire  . . .     SeeInvis +     A - +11 rapier of Feuhih {elec, Str+2 Int+2}
rCold  + . .     Clarity  .     n - +0 swamp dragon armour
rNeg   . . .     SustAb   .     (shield restricted)
rPois  +         Gourm    .     (helmet restricted)
rElec  .         Spirit   .     a - +0 cloak
rCorr  .         Warding  .     (gloves unavailable)
rMut   .         NoTele   +     (boots unavailable)
MR     +++++                    (no amulet)
Stlth  ..........               N - ring of protection from magic
                                M - ring of protection from cold

@: berserking, regenerating, glowing, silenced, very quick, almost entirely
resistant to hostile enchantments, extremely unstealthy
A: unfitting armour, see invisible, herbivore 3, speed 3, slow metabolism 2
a: Renounce Religion


You were in the Dungeon.
You worshipped Trog.
Trog was exalted by your worship.
You were not hungry.

You visited 1 branch You collected 1932 gold pieces.
You spent 1928 gold pieces at shops.

Inventory:

Hand weapons
 f - the +7 trident of the Equator {pierce, rElec rPois- Str+2 Dex+4}
   (Trog gifted it to you in the Dungeon)

   It inflicts extra damage upon your enemies.
   It affects your strength (+2).
   It affects your dexterity (+4).
   It insulates you from electricity.
   It makes you vulnerable to poison.
 A - the +11 rapier of Feuhih (weapon) {elec, Str+2 Int+2}
   (Trog gifted it to you in the Dungeon)

   Occasionally, upon striking a foe, it will discharge some electrical energy
   and cause terrible harm.
   It affects your strength (+2).
   It affects your intelligence (+2).
 C - a +7 quick blade
 E - a +6 antimagic short sword
 G - the +4 dagger of Wrath {speed, +Blink Str+2}
   (Trog gifted it to you in the Dungeon)

   Attacks with this weapon are significantly faster.
   It affects your strength (+2).
   It lets you blink.
 I - a +0 blowgun
 P - the +13 dagger of Peace {flame, rPois+ rN+ MR+}
   (Trog gifted it to you in the Dungeon)

   It has been specially enchanted to burn those struck by it, causing extra
   injury to most foes and up to half again as much damage against particularly
   susceptible opponents.
   It protects you from poison.
   It protects you from negative energy.
   It affects your resistance to hostile enchantments.
 R - a +10 quick blade
Missiles
 m - 4 bolts of penetration
 p - 41 bolts
 x - 3 tomahawks of returning (quivered)
 D - 20 tomahawks
 J - 8 curare-tipped needles
 Q - 15 bolts of flame
Armour
 a - a +0 cloak (worn)
 b - a +0 animal skin
 n - a +0 swamp dragon armour (worn)
Jewellery
 K - an uncursed ring of poison resistance
 L - an uncursed ring of ice
 M - a ring of protection from cold (left hand)
 N - a ring of protection from magic (right hand)
Magical devices
 l - a wand of fire (2)
 H - a wand of flame (6)
Scrolls
 i - 3 scrolls of blinking
 k - 5 scrolls of remove curse
 s - 4 scrolls of recharging
 t - 4 scrolls of identify
 u - 5 scrolls of fog
 y - a scroll of enchant armour
 F - a scroll of magic mapping
 O - 2 scrolls of enchant weapon
Potions
 d - a potion of invisibility
 e - a potion of heal wounds
 g - 4 potions of magic
 h - a potion of berserk rage
 j - 11 potions of curing
 o - a potion of cure mutation
 q - a potion of resistance
 r - 3 potions of brilliance
Miscellaneous
 w - a lamp of fire
 B - a phantom mirror
Comestibles
 c - 11 bread rations
 z - 40 fruits


   Skills:
 - Level 18.1 Fighting
 - Level 14.4 Short Blades
 - Level 9.0 Armour
 O Level 27 Dodging
 - Level 20.2 Stealth
 + Level 23.7 Evocations


You had 13 spell levels left.
You didn't know any spells.

Dungeon Overview and Level Annotations

Branches:
Dungeon (1/1)

Altars:
Cheibriados
Dithmenos
Elyvilon
Fedhas
Gozag
Kikubaaqudgha
Makhleb
Nemelex Xobeh
Okawaru
Qazlal
Ru
Sif Muna
Trog
Vehumet
Xom
Yredelemnul
Zin
The Shining One
Beogh
Jiyva
Lugonu

Shops:
D }?:(

Annotations:
D Mennas


Innate Abilities, Weirdness & Mutations

You are tiny and cannot use many weapons and most armour.
You have supernaturally acute eyesight.
You are a herbivore.
You cover ground extremely quickly.
You need consume almost no food.


Message History

Mennas blocks your attack.
Mennas is moderately wounded.
You miss Mennas.
Mennas is moderately wounded.
Mennas hits you with an eudemon blade of holy wrath!
* * * LOW HITPOINT WARNING * * *
Mennas completely misses you. Mennas blocks your attack.
Mennas is moderately wounded.
Mennas blocks your attack.
Mennas is moderately wounded.
Mennas barely misses you. x2
You completely miss Mennas.
Mennas is moderately wounded.
Mennas blocks your attack.
Mennas is moderately wounded.
Mennas hits you with an eudemon blade of holy wrath!!
* * * LOW HITPOINT WARNING * * *
Mennas hits you with an eudemon blade of holy wrath!
You die...

.................................
♣♣♣♣♣§♣♣♣♣▓▓▓▓▓▓▓▓▓▓▓▓▓▓▓▓▓▓▓▓▓▓▓
')........').......)')))..)...'..
♣♣§§♣♣♣♣♣♣▓▓▓▓▓▓▓▓▓▓▓▓▓▓▓▓▓▓▓▓▓▓▓
..§.............)................
▓▓▓▓▓▓▓▓▓▓▓▓▓▓▓▓▓▓▓▓▓▓▓▓▓▓▓▓▓▓▓▓▓
.)')))..)...(.))....)').())......
▓▓▓▓▓▓▓▓▓▓▓▓▓▓▓▓▓▓▓▓▓▓▓▓▓▓▓▓▓▓▓▓▓
.......A@................
▓▓▓▓▓▓▓▓▓▓▓▓▓▓▓▓▓▓▓▓▓▓▓▓▓


You could see Mennas.

Vanquished Creatures
  Boris (D)
  A sphinx (D)
  2 frost giants (D)
  A vault warden (D)
  A stone giant (D)
  An ironheart preserver (D)
  3 rakshasas (D)
  3 ettins (D)
  3 great orbs of eyes (D)
  A deep elf high priest (D)
  2 yaktaur captains (D)
  An ice dragon (D)
  2 ogre magi (D)
  A naga warrior (D)
  4 centaur warriors (D)
  A spriggan air mage (D)
  A death yak (D)
  A deep troll earth mage (D)
  A tengu warrior (D)
  A deep troll shaman (D)
  An orc high priest (D)
  A shock serpent (D)
  Urug (D)
  Erolcha (D)
  2 deep elf knights (D)
  2 sea snakes (D)
  A swamp dragon (D)
  An orb spider (D)
  4 lindwurms (D)
  A hill giant (D)
  2 necromancers (D)
  4 orc knights (D)
  A wolf spider (D)
  2 griffons (D)
  An ugly thing (D)
  A hornet (D)
  An ironbrand convoker (D)
  2 cyclopes (D)
  A black mamba (D)
  Joseph (D)
  A gargoyle (D)
  2 torpor snails (D)
  Psyche (D)
  2 yaktaur zombies (D)
  2 spiny frogs (D)
  2 yaktaurs (D)
  A demonic crawler (D)
  A kobold demonologist (D)
  4 jumping spiders (D)
  Sonja (D)
  A slime creature (D)
  2 blink frogs (D)
  A snapping turtle (D)
  5 merfolk (D)
  A tarantella (D)
  A wyvern (D)
  A wraith (D)
  A hill giant zombie (D)
  A hippogriff (D)
  A mottled dragon (D)
  3 water moccasins (D)
  A naga (D)
  2 centaurs (D)
  11 orc warriors (D)
  An ogre (D)
  2 boggarts (D)
  3 crocodiles (D)
  A necrophage (D)
  5 giant frogs (D)
  2 brain worms (D)
  A scorpion (D)
  A hound (D)
  3 orc priests (D)
  A worker ant (D)
  An orc wizard (D)
  3 adders (D)
  A shadow imp (D)
  A worm (D)
  An adder skeleton (D)
  5 orcs (D)
  A bat zombie (D)
  3 giant cockroaches (D)
  A hobgoblin (D)
  3 kobolds (D)
  A quokka (D)
  A goblin (D)
  A quokka skeleton (D)
  A plant (D)
156 creatures vanquished.

Vanquished Creatures (collateral kills)
  An iron dragon (D)
  An emperor scorpion (D)
  2 naga warriors (D)
  A hydra (D)
  A ghost crab (D)
  An ogre mage (D)
  3 orc knights (D)
  An ugly thing (D)
  A cyclops (D)
  2 black mambas (D)
  A human zombie (D)
  A griffon zombie (D)
  2 water moccasins (D)
  6 orc warriors (D)
  2 orc wizards (D)
  2 orcs (D)
28 creatures vanquished.

Vanquished Creatures (others)
  2 stone giants (D)
  A hill giant (D)
  A deep troll (D)
  5 fire elementals (D)
  A spiny frog (D)
  2 trolls (D)
  2 water moccasins (D)
  A brain worm (D)
  A fungus (D)
  2 plants (D)
18 creatures vanquished.

Grand Total: 202 creatures vanquished

Notes
Turn   | Place    | Note
--------------------------------------------------------------
     0 | D        | BluebellGnoll, the Spriggan Berserker, began the quest for the Orb.
     0 | D        | Reached XP level 1. HP: 11/11 MP: 2/2
    14 | D        | Reached skill level 4 in Stealth
    17 | D        | Acquired Trog's second power
    33 | D        | Reached skill level 5 in Stealth
   226 | D        | Noticed a centaur
   226 | D        | Noticed a worker ant
   226 | D        | Noticed a scorpion
   244 | D        | Killed a centaur
   244 | D        | Reached skill level 11 in Dodging
   244 | D        | Reached XP level 2. HP: 13/16 MP: 4/4
   244 | D        | Reached XP level 3. HP: 15/19 MP: 6/6
   244 | D        | Reached XP level 4. HP: 18/23 MP: 8/8
   249 | D        | Killed a worker ant
   249 | D        | Reached skill level 12 in Dodging
   256 | D        | Killed a scorpion
   256 | D        | Reached skill level 14 in Dodging
   256 | D        | Reached XP level 5. HP: 21/27 MP: 10/10
   268 | D        | Found a glowing silver altar of Zin.
   268 | D        | Found a glowing golden altar of the Shining One.
   268 | D        | Found an ancient bone altar of Kikubaaqudgha.
   268 | D        | Found a basalt altar of Yredelemnul.
   268 | D        | Found a shimmering altar of Xom.
   268 | D        | Found a radiant altar of Vehumet.
   268 | D        | Found an iron altar of Okawaru.
   269 | D        | Found a burning altar of Makhleb.
   270 | D        | Found a deep blue altar of Sif Muna.
   271 | D        | Found a bloodstained altar of Trog.
   272 | D        | Found a sparkling altar of Nemelex Xobeh.
   273 | D        | Found a white marble altar of Elyvilon.
   274 | D        | Found a roughly hewn altar of Beogh.
   275 | D        | Found a viscous altar of Jiyva.
   276 | D        | Found a corrupted altar of Lugonu.
   277 | D        | Found a blossoming altar of Fedhas.
   278 | D        | Found a snail-covered altar of Cheibriados.
   279 | D        | Found a shadowy altar of Dithmenos.
   280 | D        | Found a stormy altar of Qazlal.
   281 | D        | Found an opulent altar of Gozag.
   282 | D        | Found a sacrificial altar of Ru.
   396 | D        | Noticed a necrophage
   396 | D        | Noticed a giant frog
   396 | D        | Noticed a giant frog
   396 | D        | Noticed an ogre
   396 | D        | Noticed a centaur
   400 | D        | Killed a giant frog
   400 | D        | Acquired Trog's third power
   400 | D        | Killed a giant frog
   400 | D        | Reached XP level 6. HP: 32/32 MP: 12/12
   404 | D        | Killed a necrophage
   404 | D        | Reached skill level 10 in Short Blades
   405 | D        | Killed an ogre
   413 | D        | Killed a centaur
   413 | D        | Reached XP level 7. HP: 20/34 MP: 14/14
   422 | D        | Noticed a giant frog
   422 | D        | Noticed a wyvern
   422 | D        | Noticed a hippogriff
   422 | D        | Noticed a kobold demonologist
   422 | D        | Noticed a giant frog
   422 | D        | Noticed a centaur warrior
   432 | D        | Killed a giant frog
   437 | D        | Killed a wyvern
   440 | D        | Killed a hippogriff
   449 | D        | Killed a kobold demonologist
   449 | D        | Reached skill level 5 in Fighting
   449 | D        | Reached XP level 8. HP: 27/41 MP: 16/16
   451 | D        | Killed a giant frog
   462 | D        | Killed a centaur warrior
   465 | D        | Received a gift from Trog
   498 | D        | Noticed Erolcha
   704 | D        | Killed Erolcha
   704 | D        | Reached XP level 9. HP: 51/51 MP: 18/18
   782 | D        | Noticed a water moccasin
   782 | D        | Noticed a crocodile
   782 | D        | Noticed a crocodile
   782 | D        | Noticed a crocodile
   783 | D        | Noticed a hound
   785 | D        | Noticed a spiny frog
   786 | D        | Killed a water moccasin
   788 | D        | Killed a crocodile
   788 | D        | Received a gift from Trog
   794 | D        | Killed a crocodile
   794 | D        | Reached skill level 10 in Fighting
   806 | D        | Killed a crocodile
   810 | D        | Killed a hound
   820 | D        | Killed a spiny frog
  1012 | D        | Noticed a water moccasin
  1012 | D        | Noticed a water moccasin
  1012 | D        | Noticed a giant frog
  1012 | D        | Noticed a black mamba
  1012 | D        | Noticed a blink frog
  1012 | D        | Noticed a spiny frog
  1014 | D        | Noticed an eight-headed hydra
  1023 | D        | Noticed a blink frog
  1024 | D        | Killed a water moccasin
  1024 | D        | Received a gift from Trog
  1031 | D        | Killed a water moccasin
  1031 | D        | Reached skill level 15 in Dodging
  1039 | D        | Killed a blink frog
  1041 | D        | Killed a blink frog
  1041 | D        | Received a gift from Trog
  1041 | D        | Reached skill level 16 in Dodging
  1046 | D        | Killed a giant frog
  1050 | D        | Killed a black mamba
  1050 | D        | Reached skill level 17 in Dodging
  1050 | D        | Reached XP level 10. HP: 45/58 MP: 19/19
  1057 | D        | Killed a spiny frog
  1057 | D        | Reached skill level 18 in Dodging
  1065 | D        | Killed an eight-headed hydra
  1089 | D        | Noticed a brain worm
  1089 | D        | Noticed a lindwurm
  1089 | D        | Noticed a lindwurm
  1089 | D        | Noticed a lindwurm
  1089 | D        | Noticed a brain worm
  1089 | D        | Noticed a lindwurm
  1089 | D        | Killed a brain worm
  1090 | D        | Noticed a brain worm
  1205 | D        | Killed a lindwurm
  1205 | D        | Received a gift from Trog
  1205 | D        | Reached skill level 19 in Dodging
  1217 | D        | Killed a lindwurm
  1217 | D        | Reached skill level 20 in Dodging
  1223 | D        | Killed a lindwurm
  1227 | D        | Killed a brain worm
  1237 | D        | Killed a lindwurm
  1237 | D        | Reached skill level 21 in Dodging
  1239 | D        | Killed a brain worm
  1242 | D        | Received a gift from Trog
  1288 | D        | Noticed Urug
  1297 | D        | Killed Urug
  1297 | D        | Reached skill level 22 in Dodging
  1311 | D        | Noticed Joseph
  1333 | D        | Killed Joseph
  1385 | D        | Noticed an orc warrior
  1385 | D        | Noticed an orc priest
  1385 | D        | Noticed an orc wizard
  1385 | D        | Noticed an orc priest
  1387 | D        | Noticed an orc wizard
  1388 | D        | Killed an orc priest
  1393 | D        | Killed an orc warrior
  1394 | D        | Noticed an orc warrior
  1395 | D        | Killed an orc wizard
  1396 | D        | Noticed an orc warrior
  1398 | D        | Received a gift from Trog
  1399 | D        | Noticed an orc wizard
  1406 | D        | Killed an orc priest
  1409 | D        | Killed an orc warrior
  1409 | D        | Reached XP level 11. HP: 62/62 MP: 20/20
  1415 | D        | Killed an orc warrior
  1417 | D        | Killed an orc wizard
  1417 | D        | Received a gift from Trog
  1418 | D        | Got a steaming rapier {god gift}
  1420 | D        | Killed an orc wizard
  1423 | D        | Received a gift from Trog
  1443 | D        | Identified the +11 rapier of Feuhih {elec, Str+2 Int+2} (Trog gifted it to you in the Dungeon)
  1444 | D        | Noticed an orc priest
  1444 | D        | Noticed an orc warrior
  1444 | D        | Noticed an orc warrior
  1444 | D        | Noticed an orc warrior
  1444 | D        | Noticed an orc warrior
  1444 | D        | Noticed an orc knight
  1445 | D        | Noticed an orc warrior
  1450 | D        | Killed an orc warrior
  1452 | D        | Killed an orc priest
  1452 | D        | Received a gift from Trog
  1456 | D        | Killed an orc warrior
  1459 | D        | Noticed an orc warrior
  1464 | D        | Killed an orc warrior
  1480 | D        | Noticed an orc knight
  1481 | D        | Killed an orc knight
  1484 | D        | Noticed an orc high priest
  1485 | D        | Killed an orc warrior
  1487 | D        | Killed an orc warrior
  1490 | D        | Killed an orc warrior
  1498 | D        | Killed an orc knight
  1498 | D        | Reached skill level 15 in Stealth
  1500 | D        | Received a gift from Trog
  1511 | D        | Killed an orc high priest
  1524 | D        | Received a gift from Trog
  1638 | D        | Found Suhixos' Gadget Emporium.
  1638 | D        | Noticed an orc warrior
  1638 | D        | Noticed an orc warrior
  1638 | D        | Noticed an orc warrior
  1638 | D        | Noticed an orc knight
  1638 | D        | Noticed an orc warrior
  1638 | D        | Noticed an orc knight
  1639 | D        | Found Strosmes' Magic Scroll Shoppe.
  1640 | D        | Killed an orc warrior
  1641 | D        | Noticed an orc warrior
  1642 | D        | Killed an orc warrior
  1645 | D        | Killed an orc warrior
  1646 | D        | Found Upuycu's Book Emporium.
  1646 | D        | Noticed an orc knight
  1650 | D        | Noticed an orc warrior
  1658 | D        | Killed an orc knight
  1658 | D        | Received a gift from Trog
  1668 | D        | Killed an orc knight
  1669 | D        | Found Loanas' Weapon Shoppe.
  1673 | D        | Killed an orc warrior
  1688 | D        | Killed an orc knight
  1690 | D        | Killed an orc warrior
  1690 | D        | Killed an orc warrior
  1697 | D        | Received a gift from Trog
  1706 | D        | Noticed an orc knight
  1707 | D        | Noticed an orc warrior
  1708 | D        | Noticed an orc knight
  1709 | D        | Noticed an orc warrior
  1715 | D        | Killed an orc knight
  1717 | D        | Killed an orc knight
  1719 | D        | Killed an orc warrior
  1719 | D        | Received a gift from Trog
  1722 | D        | Killed an orc warrior
  1730 | D        | Got a smoking trident {god gift}
  1752 | D        | Bought 4 bolts of penetration for 24 gold pieces
  1761 | D        | Bought a lamp of fire for 440 gold pieces
  1761 | D        | Bought a phantom mirror for 330 gold pieces
  1763 | D        | Bought a scroll of magic mapping for 49 gold pieces
  1763 | D        | Bought a scroll of remove curse for 42 gold pieces
  1763 | D        | Bought a scroll of remove curse for 42 gold pieces
  1763 | D        | Bought a scroll of identify for 28 gold pieces
  1763 | D        | Bought a scroll of identify for 28 gold pieces
  1763 | D        | Bought a scroll of recharging for 133 gold pieces
  1763 | D        | Bought 3 scrolls of fog for 84 gold pieces
  1763 | D        | Bought a scroll of acquirement for 728 gold pieces
  1771 | D        | Identified the +7 trident of the Equator {pierce, rElec rPois- Str+2 Dex+4} (Trog gifted it to you in the Dungeon)
  1824 | D        | Noticed Sonja
  1835 | D        | Killed Sonja
  1923 | D        | Noticed a cyclops
  1923 | D        | Noticed a purple ugly thing
  1923 | D        | Noticed a cyclops
  1923 | D        | Noticed a mottled dragon
  1923 | D        | Noticed a brown ugly thing
  1923 | D        | Noticed a centaur warrior
  1925 | D        | Noticed a gargoyle
  1932 | D        | Killed a cyclops
  1932 | D        | Received a gift from Trog
  1933 | D        | Noticed an ettin
  1940 | D        | Noticed a great orb of eyes
  1943 | D        | Killed a purple ugly thing
  1943 | D        | Reached skill level 10 in Evocations
  1947 | D        | Killed a cyclops
  1949 | D        | Noticed a rakshasa
  1957 | D        | Killed a mottled dragon
  1958 | D        | Noticed a centaur warrior
  1966 | D        | Noticed a great orb of eyes
  1969 | D        | Killed a brown ugly thing
  1969 | D        | Received a gift from Trog
  1970 | D        | Noticed a necromancer
  1974 | D        | Killed a centaur warrior
  1974 | D        | Killed a gargoyle
  1975 | D        | Killed an ettin
  1975 | D        | Reached XP level 12. HP: 27/67 MP: 30/33
  1976 | D        | Killed a centaur warrior
  1979 | D        | Killed a great orb of eyes
  2072 | D        | Killed a rakshasa
  2083 | D        | Killed a rakshasa
  2083 | D        | Received a gift from Trog
  2086 | D        | Got a faintly glowing dagger {god gift}
  2104 | D        | Killed a great orb of eyes
  2114 | D        | Killed a necromancer
  2114 | D        | Reached skill level 5 in Armour
  2128 | D        | Noticed a boggart
  2138 | D        | Killed a boggart
  2156 | D        | Identified the +4 dagger of Wrath {speed, +Blink Str+2} (Trog gifted it to you in the Dungeon)
  2251 | D        | Noticed a swamp dragon
  2251 | D        | Noticed a spiny frog
  2251 | D        | Noticed a water moccasin
  2251 | D        | Noticed a ghost crab
  2255 | D        | Killed a water moccasin
  2257 | D        | Killed a water moccasin
  2257 | D        | Killed a spiny frog
  2284 | D        | Killed a swamp dragon
  2284 | D        | Received a gift from Trog
  2293 | D        | Killed a ghost crab
  2323 | D        | Noticed a naga warrior
  2323 | D        | Noticed a shock serpent
  2323 | D        | Noticed a naga warrior
  2323 | D        | Noticed a naga warrior
  2323 | D        | Noticed a water moccasin
  2323 | D        | Noticed a black mamba
  2323 | D        | Noticed a water moccasin
  2326 | D        | Killed a naga warrior
  2327 | D        | Noticed a black mamba
  2347 | D        | Killed a shock serpent
  2355 | D        | Killed a naga warrior
  2379 | D        | Killed a naga warrior
  2379 | D        | Received a gift from Trog
  2396 | D        | Killed a black mamba
  2399 | D        | Killed a water moccasin
  2404 | D        | Killed a black mamba
  2419 | D        | Killed a water moccasin
  2671 | D        | Noticed a naga
  2680 | D        | Killed a naga
  2685 | D        | Noticed a merfolk
  2685 | D        | Noticed a merfolk
  2685 | D        | Noticed a merfolk
  2685 | D        | Noticed a merfolk
  2685 | D        | Noticed a sea snake
  2685 | D        | Noticed a sea snake
  2685 | D        | Noticed a merfolk
  2686 | D        | Noticed a griffon
  2689 | D        | Killed a merfolk
  2690 | D        | Killed a sea snake
  2691 | D        | Killed a merfolk
  2691 | D        | Received a gift from Trog
  2692 | D        | Killed a merfolk
  2692 | D        | Killed a merfolk
  2693 | D        | Killed a merfolk
  2694 | D        | Noticed a snapping turtle
  2695 | D        | Killed a sea snake
  2699 | D        | Killed a griffon
  2716 | D        | Killed a snapping turtle
  2718 | D        | Received a gift from Trog
  2887 | D        | Noticed a torpor snail
  2887 | D        | Noticed a jumping spider
  2887 | D        | Noticed a jumping spider
  2887 | D        | Noticed a demonic crawler
  2887 | D        | Noticed a jumping spider
  2887 | D        | Noticed a hornet
  2887 | D        | Noticed a tarantella
  2888 | D        | Noticed an orb spider
  2889 | D        | Killed a torpor snail
  2890 | D        | Noticed a jumping spider
  2891 | D        | Killed a jumping spider
  2893 | D        | Killed a jumping spider
  2895 | D        | Killed a demonic crawler
  2898 | D        | Killed a jumping spider
  2898 | D        | Killed a jumping spider
  2898 | D        | Killed a tarantella
  2899 | D        | Killed a hornet
  2903 | D        | Killed an orb spider
  2903 | D        | Received a gift from Trog
  2903 | D        | Reached XP level 13. HP: 66/76 MP: 35/35
  2904 | D        | Got a scorched dagger {god gift}
  2907 | D        | Identified the +13 dagger of Peace {flame, rPois+ rN+ MR+} (Trog gifted it to you in the Dungeon)
  2997 | D        | Noticed Psyche
  3007 | D        | Killed Psyche
  3062 | D        | Noticed a spriggan air mage
  3062 | D        | Noticed a tengu warrior
  3062 | D        | Noticed a frost giant
  3062 | D        | Noticed a deep elf knight
  3062 | D        | Noticed a rakshasa
  3062 | D        | Noticed an iron dragon
  3062 | D        | Noticed a death yak
  3070 | D        | Killed a spriggan air mage
  3070 | D        | Received a gift from Trog
  3073 | D        | Killed a tengu warrior
  3074 | D        | Killed a deep elf knight
  3076 | D        | Noticed an emperor scorpion
  3080 | D        | Killed a frost giant
  3080 | D        | Reached skill level 15 in Fighting
  3080 | D        | Killed a rakshasa
  3084 | D        | Received a gift from Trog
  3084 | D        | Killed a death yak
  3085 | D        | Noticed a stone giant
  3096 | D        | Noticed an ice dragon
  3096 | D        | Noticed a deep elf high priest
  3100 | D        | Killed a deep elf high priest
  3173 | D        | Killed an ice dragon
  3179 | D        | Killed an iron dragon
  3186 | D        | Noticed a frost giant
  3187 | D        | Killed an emperor scorpion
  3190 | D        | Killed a stone giant
  3190 | D        | Received a gift from Trog
  3219 | D        | Killed a frost giant
  3239 | D        | Noticed a torpor snail
  3248 | D        | Killed a torpor snail
  3251 | D        | Noticed a boggart
  3252 | D        | Received a gift from Trog
  3268 | D        | Noticed an ettin
  3269 | D        | Noticed a deep troll earth mage
  3270 | D        | Noticed a centaur warrior
  3271 | D        | Noticed a deep troll shaman
  3275 | D        | Killed a boggart
  3283 | D        | Killed an ettin
  3294 | D        | Killed a deep troll earth mage
  3302 | D        | Killed a centaur warrior
  3316 | D        | Killed a deep troll shaman
  3550 | D        | Noticed a cyclops
  3550 | D        | Noticed a yaktaur captain
  3550 | D        | Noticed a yaktaur captain
  3550 | D        | Noticed a wraith
  3550 | D        | Noticed a vault warden
  3550 | D        | Noticed a slime creature
  3550 | D        | Noticed an ironheart preserver
  3551 | D        | Noticed an ogre mage
  3553 | D        | Killed a cyclops
  3553 | D        | Received a gift from Trog
  3555 | D        | Killed a wraith
  3555 | D        | Reached skill level 23 in Dodging
  3555 | D        | Killed a slime creature
  3557 | D        | Killed a yaktaur captain
  3559 | D        | Noticed a hill giant
  3561 | D        | Killed a yaktaur captain
  3565 | D        | Noticed a griffon
  3570 | D        | Noticed a yaktaur
  3573 | D        | Killed a vault warden
  3573 | D        | Reached skill level 24 in Dodging
  3575 | D        | Noticed a necromancer
  3578 | D        | Killed an ogre mage
  3586 | D        | Killed an ironheart preserver
  3586 | D        | Received a gift from Trog
  3586 | D        | Reached skill level 25 in Dodging
  3591 | D        | Killed a hill giant
  3596 | D        | Killed a griffon
  3613 | D        | Reached XP level 14. HP: 79/89 MP: 36/36
  3627 | D        | Killed a yaktaur
  3632 | D        | Killed a necromancer
  3633 | D        | Noticed a deep elf knight
  3635 | D        | Received a gift from Trog
  3640 | D        | Got a brightly glowing dagger {god gift}
  3657 | D        | Killed a deep elf knight
  3657 | D        | Reached skill level 26 in Dodging
  3665 | D        | Noticed an ogre mage
  3666 | D        | Noticed a sphinx
  3667 | D        | Noticed a wolf spider
  3668 | D        | Noticed an ironbrand convoker
  3669 | D        | Noticed a great orb of eyes
  3670 | D        | Noticed an ettin
  3671 | D        | Noticed an ogre mage
  3672 | D        | Killed an ogre mage
  3673 | D        | Noticed a yaktaur
  3678 | D        | Killed an ironbrand convoker
  3679 | D        | Killed a sphinx
  3679 | D        | Received a gift from Trog
  3679 | D        | Reached skill level 27 in Dodging
  3680 | D        | Killed an ogre mage
  3681 | D        | Killed a wolf spider
  3683 | D        | Killed a great orb of eyes
  3685 | D        | Killed an ettin
  3686 | D        | Killed a yaktaur
  3686 | D        | Received a gift from Trog
  3702 | D        | Identified the +3 dagger of Pniek {pierce, -Cast Str-5 Int+4 Dex+7} (Trog gifted it to you in the Dungeon)
  3751 | D        | Noticed Boris
  3760 | D        | Noticed Mennas
  3792 | D        | Killed Boris
  3806 | D        | Slain by Mennas

Action                   |  1- 3 |  4- 6 |  7- 9 | 10-12 | 13-15 || total
-------------------------+-------+-------+-------+-------+-------++-------
Melee: Short sword       |    46 |    17 |       |       |       ||    63
       Rapier            |       |    13 |   107 |   253 |   176 ||   549
       Trident           |       |       |       |    13 |       ||    13
       Quick blade       |       |       |       |       |    17 ||    17
 Fire: Blowgun           |       |       |       |       |     1 ||     1
Throw: Tomahawk          |       |       |       |     2 |       ||     2
Invok: Trog's Hand       |     1 |     1 |     2 |    14 |     8 ||    26
       Berserk           |     1 |       |     1 |       |     1 ||     3
       Brothers in Arms  |       |       |       |     6 |     3 ||     9
Evoke: Wand              |       |     2 |       |     1 |     3 ||     6
       Lamp of fire      |       |       |       |     4 |     7 ||    11
  Use: Potion            |     1 |       |       |     3 |       ||     4
       Scroll            |       |       |       |     1 |       ||     1
 Stab: Sleeping          |     1 |     1 |     4 |     9 |       ||    15
       Distracted        |       |       |       |       |     2 ||     2
  Eat: Bread ration      |       |       |       |     2 |       ||     2
